 Dungeon Crawl Stone Soup version 0.22-a0-224-g8cf3520 (webtiles) character file.

126 Amnesiac the Digger (level 4, -1/30 HPs)
             Began as a Vampire Earth Elementalist on Feb 19, 2018.
             Slain by an orc
             ... wielding a +0 hand axe
              (6 damage)
             ... on level 3 of the Dungeon.
             The game lasted 00:05:25 (2122 turns).

Amnesiac the Digger (Vampire Earth Elementalist)    Turns: 2122, Time: 00:05:26

Health: -1/30      AC:  4    Str:  7    XL:     4   Next: 84%
Magic:  6/8        EV: 12    Int: 18    God:
Gold:   72         SH:  0    Dex: 14    Spells: 2/9 levels left

rFire    . . .     SeeInvis +   b - +0 hunting sling
rCold    + . .     Gourm    .   (no shield)
rNeg     + + .     Faith    .   c - +0 robe
rPois    +         Spirit   .   g - +2 hat
rElec    .         Reflect  .   (no cloak)
rCorr    .         Harm     .   (no gloves)
MR       .....                  (no boots)
Stlth    +++.......             (no amulet)
HPRegen  0.05/turn              (no ring)
MPRegen  0.11/turn              (no ring)

@: very slightly contaminated, regenerating slowly
A: fangs 3, see invisible, unbreathing
a: Bat Form


You were on level 3 of the Dungeon.
You were thirsty.

You visited 1 branch of the dungeon, and saw 3 of its levels.

You collected 72 gold pieces.

Inventory:

Hand Weapons
 a - a +0 dagger
 b - a +0 hunting sling (weapon)
 q - a +0 blowgun
 t - a cursed +0 short sword
Missiles
 e - 38 stones (quivered)
 i - 10 poisoned needles
Armour
 c - a +0 robe (worn)
 g - a +2 hat (worn)
 s - a +0 pair of gloves
Wands
 k - a wand of random effects (16)
Scrolls
 f - 10 scrolls of identify {!r, unknown}
 j - 4 scrolls of teleportation {!r, unknown}
 m - a scroll of noise {!r, unknown}
 r - a scroll of magic mapping {!r, unknown}
Potions
 d - 6 potions of blood {!q}
 h - a potion of invisibility {!q, unknown}
 l - a potion of agility {!q, unknown}
 n - 2 potions of haste {!q, unknown}
 o - a potion of curing {!q, unknown}
 p - 2 potions of mutation {!q, unknown}


   Skills:
 - Level 2.1 Dodging
 - Level 3.0 Stealth
 + Level 3.1 Spellcasting
 - Level 1.1 Transmutations
 * Level 4.9 Earth Magic


You had 2 spell levels left.
You knew the following spells:

 Your Spells              Type           Power        Failure   Level  Hunger
a - Sandblast             Erth           ###...       1%          1    None
b - Passwall              Tmut/Erth      ##........   7%          2    ##.....
e - Petrify               Tmut/Erth      ##......     43%         4    ####...


Dungeon Overview and Level Annotations

Branches:
Dungeon (3/15)

Altars:

Annotations:
D:1 Terence


Innate Abilities, Weirdness & Mutations

You heal slowly.
You have razor-sharp teeth.
You have supernaturally acute eyesight. (SInv)
You can survive without breathing.


Message History

Aim: a goblin, wielding a club (severely wounded)
You shoot a stone. The stone hits the goblin.
You kill the goblin!
No target in view!
No target in view!
No target in view!
e - 31 stones (gained 1);
d - 6 potions of blood {!q} (gained 1)
e - 38 stones (gained 7)
e - 39 stones (gained 1)
You see here a club.
e - 40 stones (gained 1)
e - 42 stones (gained 2)
The kobold is too close now for your liking.
A kobold is nearby!
Firing (i - inventory)
e - 42 stones (quivered)
Press: ? - help, Shift-Dir - straight line, f - kobold
Aim: a kobold, wielding a falchion (hasn't noticed you)
You shoot a stone. The kobold shouts!
The stone hits the kobold but does no damage.
You hear a shout! x2
The kobold unwields an uncursed falchion.
The kobold wields a glowing blowgun.
The kobold shoots a poisoned needle.
The poisoned needle hits you!
Firing (i - inventory)
e - 41 stones (quivered)
Press: ? - help, Shift-Dir - straight line, f/p - kobold
Aim: a kobold, wielding an enchanted blowgun You shoot a stone.
The stone hits the kobold.
You kill the kobold!
No target in view!
No target in view!
No target in view! 2 orcs come into view.
The orc hits you with a morningstar.
* * * LOW HITPOINT WARNING * * *
Firing (i - inventory)
e - 40 stones (quivered)
Press: ? - help, Shift-Dir - straight line, f - orc
Aim: an orc, wielding a morningstar You shoot a stone.
The stone hits the orc.
The orc is heavily wounded.
The orc hits you with a morningstar!
* * * LOW HITPOINT WARNING * * *
The orc hits you with a hand axe.
* * * LOW HITPOINT WARNING * * *
Unknown command.
Found a stone staircase leading up.
Casting: Sandblast (safe; 2% risk of failure)
Confirm with . or Enter, or press ? or * to list all spells.
Aiming: Sandblast (safe; 2% risk of failure)
Press: ? - help, Shift-Dir - straight line, f/p - orc
Aim: an orc, wielding a morningstar (heavily wounded)
The blast of sand hits the orc.
You kill the orc!
e - 38 stones Unknown command.
Casting: Sandblast (safe; 1% risk of failure)
Confirm with . or Enter, or press ? or * to list all spells.
Aiming: Sandblast (safe; 1% risk of failure)
Press: ? - help, Shift-Dir - straight line, f - orc
Aim: an orc, wielding a hand axe You miscast Sandblast.
You are very lightly contaminated with residual magic.
Nothing appears to happen.
The orc hits you with a hand axe.
You die...

#.................#
#.........(.......#
#.....)...........#
#.................#
#####.#.##.......)##...
#.#..#(.............
#..#.#.##..#####....
#######.#...##o.# ...
#<...........@..# .
...................<.
#######%######......#
#.# #........ #)#
#........
#.######.......#
###...............
#####....##.#.#.#.#.#
#.....#.###[.......


You could see an orc.

Vanquished Creatures
  Jessica (D:2)
  4 adders
  An ooze (D:1)
  3 dart slugs (D:1)
  2 leopard geckos (D:3)
  2 orcs (D:3)
  A ball python (D:2)
  3 giant cockroaches
  9 goblins
  4 hobgoblins
  2 jackals (D:1)
  6 bats
  5 frilled lizards
  6 kobolds
  3 rats
52 creatures vanquished.

Notes
Turn   | Place    | Note
-------+----------+-------------------------------------------
     0 | D:1      | Amnesiac the Vampire Earth Elementalist began the quest for the Orb.
     0 | D:1      | Reached XP level 1. HP: 13/13 MP: 3/3
   119 | D:1      | Reached XP level 2. HP: 18/19 MP: 5/5
   515 | D:1      | Reached XP level 3. HP: 24/24 MP: 6/6
   519 | D:1      | Learned a level 2 spell: Passwall
   934 | D:2      | Noticed Jessica
   938 | D:2      | Killed Jessica
   938 | D:2      | Reached skill level 4 in Earth Magic
   956 | D:2      | Reached XP level 4. HP: 27/30 MP: 6/8
  1017 | D:2      | Learned a level 4 spell: Petrify
  1365 | D:2      | Noticed Terence
  2122 | D:3      | Slain by an orc

Vault maps used:
D:1:      nicolae_arrival_somewhat_less_tricky_arrival
D:2:      uniq_jessica, uniq_terence
D:3:      nicolae_overflow_crystal_walls, hex_large, cheibrodos_ashenzari_chains

Skill      XL: |  1  2  3  4 |
---------------+-------------+-----
Earth Magic    | 4 |  4.9
Spellcasting   | 3 |  3.1
Dodging        | |  2.1
Stealth        | |  3.0
Transmutations | |  1.1

Action                   |  1- 3 |  4- 6 || total
-------------------------+-------+-------++-------
 Fire: Hunting sling     |   107 |    92 ||   199
 Cast: Sandblast         |       |     6 ||     6
       Petrify           |       |     1 ||     1
 Abil: End Transformatio |       |     2 ||     2
       Bat Form          |       |     2 ||     2
  Use: Potion            |       |     2 ||     2
Armor: Robe              |    10 |     7 ||    17
Dodge: Dodged            |    35 |    30 ||    65

Table legend:
 A = Spawn XP
 B = Non-spawn XP
 C = Spawn XP percentage of total XP
 D = Spawn monster count
 E = Non-spawn monster count
 F = Spawn count percentage of total count
 G = Total turns spent on level
                    A         B        C        D         E        F      G
               +---------+---------+-------+---------+---------+-------+---------
         Total |       0 |     181 |   0.0 |       0 |      52 |   0.0 |  2122
               +---------+---------+-------+---------+---------+-------+---------
           D:1 |       0 |      44 |   0.0 |       0 |      19 |   0.0 |  1038
           D:2 |       0 |      79 |   0.0 |       0 |      15 |   0.0 |   469
           D:3 |       0 |      58 |   0.0 |       0 |      18 |   0.0 |   615
               +---------+---------+-------+---------+---------+-------+---------
